 Dungeon Sprint DCSS version 0.30.1-11-g7821555f0a (webtiles) character file.

Game seed: 11792208907498026627

280 Heoruswealwe the Spear-Bearer (level 6, -5/62 HPs)
             Began as a Minotaur Fighter on Nov 3, 2023.
             Was an Initiate of Gozag.
             Slain by a sun demon (11 damage)
             ... summoned by a kobold demonologist
             ... in the Dungeon (Sprint IX: "|||||||||||||||||||||||||||||").
             The game lasted 00:01:24 (128 turns).

Heoruswealwe the Spear-Bearer (Minotaur Fighter)     Turns: 128, Time: 00:01:26

Health: -5/62      AC:  8    Str: 22    XL:     6   Next: 5%
Magic:  5/5        EV:  9    Int:  5    God:    Gozag
Gold:   333        SH:  4    Dex: 10    Spells: 5/5 levels left

rFire   . . .        a - +0 trident
rCold   . . .        d - +0 buckler
rNeg    . . .        c - +0 scale mail
rPois   .            (helmet restricted)
rElec   .            (no cloak)
rCorr   .            (no gloves)
SInv    .            (no boots)
Will    .....        (no amulet) Stlth
                     (no ring)
HPRegen 0.30/turn    (no ring)
MPRegen 0.09/turn

%: no teleportation
@: gold aura
A: horns 2, retaliatory headbutt
a: Renounce Religion, Potion Petition, Call Merchant, Bribe Branch


You were in the Dungeon.
You worshipped Gozag.
Gozag was aware of your devotion.
You visited 1 branch You collected 333 gold pieces.

Inventory:

Hand Weapons
 a - a +0 trident (weapon)
Armour
 c - a +0 scale mail (worn)
 d - a +0 buckler (worn)
Jewellery
 m - a +2 ring of protection
 n - a +3 ring of intelligence
Wands
 l - a wand of iceblast (10)
Scrolls
 j - 2 scrolls of amnesia
 k - a scroll of blinking
Potions
 b - a potion of might
 e - 5 potions of curing
 f - 3 potions of heal wounds
 g - a potion of haste
 h - a potion of invisibility
 i - a potion of berserk rage


   Skills:
 + Level 8.4 Fighting
 * Level 10.9 Polearms
 + Level 8.4 Armour
 - Level 3.6 Shields


You had 5 spell levels left.
You didn't know any spells.
Your spell library was empty.

Dungeon Overview and Level Annotations

Branches:
Dungeon (1/1)

Altars:
Cheibriados
Dithmenos
Elyvilon
Fedhas
Gozag
Hepliaklqana
Kikubaaqudgha
Makhleb
Nemelex Xobeh
Okawaru
Qazlal
Ru
Sif Muna
Trog
Uskayaw
Vehumet
Wu Jian
Xom
Yredelemnul
Zin
The Shining One
Jiyva
Lugonu


Innate Abilities, Weirdness & Mutations

You have a pair of horns on your head.
You reflexively headbutt those who attack you in melee.


Message History

You kill the crimson imp!
The crimson imp disappears in a puff of smoke!
The wight hits you from afar with a +0 spear!
You feel drained. The wight hits you with a +0 spear.
There is an open door to the Dungeon here.
You hit the wight but do no damage. The wight closely misses you.
You hit the wight.
The wight is heavily damaged.
The wight hits you with a +0 spear!
* * * LOW HITPOINT WARNING * * *
You feel drained.
* * * LOW HITPOINT WARNING * * *
You hit the wight. You headbutt the wight.
You destroy the wight!
Your life force feels restored.
You have reached level 6!
Unknown command.
The kobold demonologist casts a spell.
Things that are here:
72 gold pieces; a +0 spear; a +0 robe You puncture the kobold demonologist!
The kobold demonologist is moderately wounded.
The kobold demonologist hits you but does no damage.
The sun demon hits you but does no damage.
You hit the kobold demonologist but do no damage.
The kobold demonologist is moderately wounded.
The kobold demonologist barely misses you.
You barely miss the kobold demonologist.
Your headbutt misses the kobold demonologist.
The kobold demonologist is moderately wounded.
You block the sun demon's attack.
The kobold demonologist hits you but does no damage.
You closely miss the kobold demonologist.
The kobold demonologist is moderately wounded.
The sun demon hits you!
* * * LOW HITPOINT WARNING * * *
You are engulfed in flames!
You die...
Your body crumbles into a pile of gold.

▓+▓
▓o▓
$
▓T▓
$
▓o▓
$ $
▓Y▓
$
▓K▓
$
▓@▓
▓3▓
$
▓.▓
▓.▓
$
▓[▓
▓[▓
$
▓[▓
▓.▓
$
▓)▓
$


You could see a sun demon (summoned), a kobold demonologist, a yak, a troll and
2 orc warriors.

Vanquished Creatures
  A black bear (D)
  A centaur (D)
  A wight (D)
  A hound (D)
  An orc wizard (D)
  An adder (D)
  2 ball pythons (D)
  An endoplasm (D)
  A hobgoblin (D)
  A rat (D)
11 creatures vanquished.

Notes
Turn   | Place    | Note
-------+----------+-------------------------------------------
     0 | D        | Heoruswealwe the Minotaur Fighter began the quest for the
                  | Orb.
     0 | D        | Reached XP level 1. HP: 19/19 MP: 0/0
     6 | D        | Reached skill level 3 in Polearms
    24 | D        | Noticed a hound
    24 | D        | Noticed a centaur
    24 | D        | Noticed a black bear
    24 | D        | Noticed an orc wizard
    28 | D        | Found a snail-covered altar of Cheibriados.
    28 | D        | Found a shadowy altar of Dithmenos.
    28 | D        | Found a white marble altar of Elyvilon.
    28 | D        | Found a blossoming altar of Fedhas.
    28 | D        | Found an opulent altar of Gozag.
    29 | D        | Found a hazy altar of Hepliaklqana.
    30 | D        | Found a viscous altar of Jiyva.
    31 | D        | Found an ancient bone altar of Kikubaaqudgha.
    32 | D        | Found a corrupted altar of Lugonu.
    33 | D        | Found a burning altar of Makhleb.
    34 | D        | Found a sparkling altar of Nemelex Xobeh.
    35 | D        | Found an iron altar of Okawaru.
    36 | D        | Became a worshipper of Gozag Ym Sagoz the Greedy
    37 | D        | Killed a hound
    38 | D        | Reached skill level 5 in Fighting
    38 | D        | Reached skill level 5 in Polearms
    38 | D        | Reached skill level 5 in Armour
    38 | D        | Reached XP level 2. HP: 25/29 MP: 1/1
    38 | D        | Reached XP level 3. HP: 31/36 MP: 2/2
    41 | D        | Killed a centaur
    42 | D        | Reached skill level 8 in Polearms
    42 | D        | Reached XP level 4. HP: 32/45 MP: 3/3
    51 | D        | Killed a black bear
    52 | D        | Reached skill level 10 in Polearms
    52 | D        | Reached XP level 5. HP: 41/53 MP: 4/4
    70 | D        | Found a stormy altar of Qazlal.
    79 | D        | Found a sacrificial altar of Ru.
    80 | D        | Found a shimmering blue altar of Sif Muna.
    81 | D        | Found a bloodstained altar of Trog.
    82 | D        | Found a hide-covered altar of Uskayaw.
    83 | D        | Found a radiant altar of Vehumet.
    84 | D        | Found an ornate altar of the Wu Jian Council.
    85 | D        | Found a shimmering altar of Xom.
    86 | D        | Found a basalt altar of Yredelemnul.
    87 | D        | Found a glowing silver altar of Zin.
    88 | D        | Found a glowing golden altar of the Shining One.
   112 | D        | Noticed an orc warrior
   112 | D        | Noticed a troll
   112 | D        | Noticed an orc warrior
   112 | D        | Noticed a yak
   112 | D        | Noticed a kobold demonologist
   124 | D        | Reached XP level 6. HP: 12/62 MP: 5/5
   125 | D        | Noticed a sun demon
   128 | D        | Slain by a sun demon

Illustrated notes

Levels and vault maps discovered:
D:        linesprint [early_d, line_temple, items_1, d_10, items_2, lair_1,
          lair_end, items_3, orc_1, orc_end, items_4, d_15, swamp_1, shoals_1,
          snake_1, spider_1, d_20, vaults_1, items_5, swamp_end, shoals_end,
          snake_end, spider_end, vaults_end, d_27, items_6, zot_1, zot_end,
          crypt_end, forest_end, elf_end, slime_end, tomb_end, abyss_end,
          pan_hell_end]

Skill      XL: |  1  2  3  4  5 |
---------------+----------------+-----
Polearms       | 5 8 10 | 10.9
Fighting       | 5 6 7 8 |  8.4
Armour         | 5 6 7 8 |  8.4
Shields        | |  3.6

Action                     |  1- 3 |  4- 6 || total
---------------------------+-------+-------++-------
  Melee: Trident           |    16 |    34 ||    50
         Headbutt          |     1 |     6 ||     7
    Use: Scroll            |     1 |       ||     1
 Armour: Scale mail        |    12 |    12 ||    24
  Dodge: Dodged            |     9 |     6 ||    15
  Block: Buckler           |     8 |     7 ||    15
